cohdb
Replays
Latest Replays
All Replays
Popular Replays
Top Player Replays
Match Explorer
How It Works
Community
CoH3 Stats
Reddit
Sign in to upload your games and track your stats! →
Sign in with Steam
Match 43319213
Unlisted
Match 43319213
Overview
Messages
Build Orders
End
Kradschützen Motorcycle Team
Panzerpioneer Squad
250 Light Carrier
Construct Light Support Kompanie
Assault Grenadier Squad
Combat Half-tracks
Construct Mechanized Kompanie
Assault Mechanized Group
Vehicle Survival Package
Selects Panzerjäger Kommand Battlegroup
Selects Mine Fields
Selects Defensive Positions
Selects Mine Fields
Selects Tank Busters
Panzerjäger Squad
Marder III Tank Destroyer
8 Rad Armored Car
Veteran Squad Leaders
Construct Panzerarmee Kommand
Emergency Repair Kits
Panzer III L Medium Tank
Armored Reserves
Rapid Advance
Selects Crew Shock Tactics
Selects Anti-tank Overwatch
Anti-tank Overwatch
Panzer IV Assault Group
AI Takeover
mikec_81
woof_raff
0
0
Comments
sign in to comment!
No comments posted yet!